 Dungeon Crawl Stone Soup version 0.30-a0-1035-g38d5fb2972 (webtiles) character file.

Game seed: 14308727975366884444

86 Nonny the Sneak (level 4, -8/21 HPs)
             Began as a Vine Stalker Conjurer on Apr 8, 2023.
             Mangled by an ogre
             ... wielding a +0 giant spiked club
              (29 damage)
             ... on level 3 of the Dungeon.
             The game lasted 00:11:23 (1394 turns).

Nonny the Sneak (Vine Stalker Conjurer)             Turns: 1394, Time: 00:11:24

Health: -8/21      AC:  4    Str:  9    XL:     4   Next: 50%
Magic:  0/8        EV: 12    Int: 18    God:
Gold:   147        SH:  0    Dex: 15    Spells: 4/7 levels left

rFire   . . .      SeeInvis +    c - +0 short sword
rCold   . . .      Faith    .    (no shield)
rNeg    . . .      Spirit   +    a - +0 robe
rPois   .          Reflect  .    p - +0 helmet
rElec   .          Rampage  .    (no cloak)
rCorr   +                        (no gloves)
Will    .....                    g - +0 pair of boots
Stlth   +++                      (no amulet)
HPRegen 1.03/turn                k - ring of resist corrosion
MPRegen 0.11/turn                l - ring of see invisible

@: no status effects
A: fangs 2, regeneration 1, magic shield, antimagic bite, no potion heal 2
a: no special abilities


You were on level 3 of the Dungeon.
You visited 1 branch of the dungeon, and saw 3 of its levels.

You collected 147 gold pieces.

Inventory:

Hand Weapons
 c - a +0 short sword (weapon)
 r - a +0 dagger
Armour
 a - a +0 robe (worn)
 g - a +0 pair of boots (worn)
 p - a +0 helmet (worn)
 u - the +9 chain mail of Dithmenos's Reproof {rC+}
   (You found it on level 2 of the Dungeon)

   rC:        It protects you from cold.
Jewellery
 k - a ring of resist corrosion (left hand)
 l - a ring of see invisible (right hand)
 n - a ring of fire
Scrolls
 d - a scroll of enchant weapon {unknown}
 f - 2 scrolls of noise {unknown}
 h - a scroll of magic mapping {unknown}
 i - a scroll of fear {unknown}
 o - 2 scrolls of identify {unknown}
 q - a scroll of teleportation {unknown}
 t - a scroll of fog {unknown}
 v - a scroll of amnesia {unknown}
Potions
 b - a potion of magic
 e - a potion of flight {unknown}
 j - a potion of cancellation {unknown}
 m - a potion of mutation {unknown}
 s - a potion of heal wounds {unknown}


   Skills:
 - Level 1.0 Short Blades
 - Level 1.5 Dodging
 + Level 5.7 Stealth
 - Level 2.1 Spellcasting
 - Level 4.0 Conjurations


You had 4 spell levels left.
You knew the following spells:

 Your Spells              Type           Power      Damage    Failure   Level
a - Magic Dart            Conj           64%        1d6       3%          1
b - Searing Ray           Conj           32%        2d5       5%          2

Your spell library contained the following spells:

 Spells                   Type           Power      Damage    Failure   Level
 Dazzling Flash           Conj/Hex       18%        N/A       24%         3
 Fulminant Prism          Conj/Hex       4%         3d5       61%         4
 Iskenderun's Mystic Bla  Conj/Tloc      9%         2d4       61%         4


Dungeon Overview and Level Annotations

Branches:
Dungeon (3/15)

Altars:


Innate Abilities, Weirdness & Mutations

You have extremely sharp teeth.
Your natural rate of healing is unusually fast.
When hurt, damage is shared between your health and your magic reserves.
Your bite disrupts and absorbs the magic of your enemies.
Potions cannot restore your health.


Message History

The jackal barks!
You hear a shout!
An ogre comes into view. It is wielding a +0 giant spiked club.
A jackal comes into view.
You barely miss the jackal.
The jackal bites you but does no damage.
You hit the jackal.
The jackal is moderately wounded.
The jackal bites you but does no damage.
The jackal barely misses you.
Casting: Magic Dart (safe; 3% risk of failure)
Confirm with . or Enter, or press ? or * to list all spells.
Aiming: Searing Ray (safe; 5% risk of failure)
Press: ? - help, Shift-Dir - straight line, f - jackal
Aim: a jackal (moderately wounded, 72% to hit)
The searing ray hits the jackal.
You kill the jackal! (Press . to maintain the ray.)
A jackal comes into view.
The searing ray hits the ogre.
The ogre is moderately wounded.
Unknown command.
The searing ray hits the ogre!
The ogre is heavily wounded.
Unknown command.
The searing ray hits the ogre.
The ogre is severely wounded.
You finish channelling your searing ray.
Unknown command.
Casting: Searing Ray (safe; 5% risk of failure)
Confirm with . or Enter, or press ? or * to list all spells.
Aiming: Searing Ray (safe; 5% risk of failure)
Press: ? - help, Shift-Dir - straight line, f - ogre
Aim: an ogre, wielding a +0 giant spiked club (severely wounded, 89% to hit)
The searing ray hits the ogre!
The ogre is almost dead. (Press . to maintain the ray.)
The jackal barks!
The ogre hits you with a +0 giant spiked club!!
Ouch! That really hurt!
You die...

... #.#
..# #.#
#.# #.#
#<# #.#
#@# #O#
## #.#
.. ##.#
.# #..#
.#
#..##.#
#.....#
#.h.###
.......#


You could see an ogre and a jackal.

Vanquished Creatures
  2 adders (D:2)
  A worm (D:2)
  2 dart slugs (D:1)
  6 ball pythons
  9 endoplasms
  3 giant cockroaches (D:1)
  8 goblins
  6 hobgoblins
  A jackal (D:3)
  A quokka (D:1)
  5 bats
  3 frilled lizards
  6 kobolds (D:1)
  5 rats
58 creatures vanquished.

Notes
Turn   | Place    | Note
-------+----------+-------------------------------------------
     0 | D:1      | Nonny the Vine Stalker Conjurer began the quest for the
                  | Orb.
     0 | D:1      | Reached XP level 1. HP: 9/9 MP: 4/4
    38 | D:1      | Starting vault: damp entrance with plants and mushrooms
   138 | D:1      | Reached skill level 3 in Stealth
   170 | D:1      | Reached XP level 2. HP: 13/13 MP: 0/6
   281 | D:1      | Plain boots.
   308 | D:1      | Reached skill level 4 in Stealth
   386 | D:1      | rCorr ring
   403 | D:1      | Reached XP level 3. HP: 16/16 MP: 5/7
   409 | D:1      | Learned a level 2 spell: Searing Ray
   436 | D:1      | sInv ring
   515 | D:1      | Reached skill level 1 in Short Blades
   591 | D:1      | ring of fire
   640 | D:1      | plain helmet
   956 | D:2      | Reached skill level 5 in Stealth
   956 | D:2      | Gained mutation: Your natural rate of healing is unusually
                  | fast. [Vine Stalker growth]
   956 | D:2      | Reached XP level 4. HP: 21/21 MP: 3/8
  1105 | D:2      | Giant club for some reason.
  1123 | D:2      | Identified the +9 chain mail of Dithmenos's Reproof {rC+}
  1383 | D:3      | Noticed an ogre
  1394 | D:3      | Mangled by an ogre

Illustrated notes #..~.P.PP......##..# #.......~..~~.P....## #.P~........~.≈.....# #....P~~..~....PP...## #...P......P.P...~...# #..............~.....# #.......~~.P.....##..... #PPPP.~...~.~....# #...# #~.~P..@........## #.## #~~~......~(..### ## #.~.P~..~.##### #.....#..## ########## Turn 38 on D:1: Starting vault: damp entrance with plants and mushrooms ##.##### # #..#.#.#.# ##.......# # #.....##.#.# ##.##.....#.#.### .......).##..... ... ...#.#.#).#.#.#######... #...#####.##............. #.......@................ #....######.............. . #.............. #.............. #.............. #.....###..#.#. #....)# ##.# #....)####.g.# #........###... Turn 281 on D:1: Plain boots. ######## ## #...[..##### #####.. #>.......... .... #......####### ##.##### # #.......#...@#.$#..#.#.#.# #...............##.......# # #.......#....##.#.....##.#.# #..##........##.##.....#.#.## #...'...............).##..... #####...........#.#.#).#.#.## #......##...#####.##..... #......##....)).......... #......##....######...... Turn 386 on D:1: rCorr ring ####### ####.....## ..........######### #.#####.#.....[...# ..#.#.#.#†#######.# #.......#.# #.# .....##.#.# #.# #.....#.#.#######.###.#.## ...).##.........@....†.... .#.#).#.#.#######......... ####.##................... ))........................ ######.................... ...# #.................... ...# #..................#. ...# #..............###.# ...# #.....###..#.#.# Turn 436 on D:1: sInv ring ######.### #.# #.# #.# #.# #.# ###.# ..#.# #.#@# #.#.# . #.#.# .... #...# .... #..## ..... #..# ......##..# ......#†..# .........## Turn 591 on D:1: ring of fire

.# .... ######.### .#
.#.####....#.)...... #.#
.# ....... ...#........
#.# .# ....... ..#........
#.# .# .......
##.#........ #.# .#
.......##........... #.#
## ........#...........
###.# ........#...........
..#.# ........#...@....#
#.#.#
#######..#############.#.#
#.# ##...#........##.#.#
#.# ###.#........##...#
#.# #..........##..## #.#
###........##..# #.#
#........##..# #.#
#........#†..# #.#
##..........##


Turn 640 on D:1: plain helmet # ######### # #.......# ### #.#####.# #..
#.#####.### #.# #.##......# ####.# #.##.##.#.######..... #................##.#
####@####(#########.. #.# #†# #.. #.. ..# #<# #.###### #.# ... #.# ... #.# #.#
... #.. Turn 1105 on D:2: Giant club for some reason.

Levels and vault maps discovered:
D:1:      lemuel_arrival_muddy, layout_basic, minmay_octomino_e4
D:2:      layout_loops_cross
D:3:      layout_loops_ring, nicolae_grassy_gnolls, uniq_ijyb

Skill      XL: |  1  2  3 |
---------------+----------+-----
Stealth        | 3 4 5 |  5.7
Short Blades   | 1 |  1.0
Dodging        | |  1.5
Spellcasting   | |  2.1
Conjurations   | |  4.0

Action                     |  1- 3 |  4- 6 || total
---------------------------+-------+-------++-------
  Melee: Unarmed           |     7 |       ||     7
         Bite              |     8 |     3 ||    11
         Short sword       |    30 |    15 ||    45
         Punch             |     1 |       ||     1
   Cast: Magic Dart        |    41 |     8 ||    49
         Searing Ray       |     6 |     4 ||    10
   Stab: Sleeping          |     2 |     5 ||     7
 Armour: Robe              |     4 |     7 ||    11
  Dodge: Dodged            |    33 |     3 ||    36

Table legend: (Time is in decaauts)
 A = Elapsed time spent in this place.
 B = Non-inter-level travel time spent in this place.
 C = Inter-level travel time spent in this place.
 D = Time resting spent in this place.
 E = Time spent auto-exploring this place.
 F = Levels seen in this place.
 G = Mean time per level.
                   A        B        C        D        E       F      G
               +--------+--------+--------+--------+--------+-----+--------+
         Total |   1401 |   1346 |     55 |      0 |      0 |   3 |  467.0 |
       Dungeon |   1401 |   1346 |     55 |      0 |      0 |   3 |  467.0 |
               +--------+--------+--------+--------+--------+-----+--------+

Top non-repeatable levels by time:
     D:1: 773 daAuts
     D:2: 602 daAuts
     D:3: 26 daAuts
